[ PARTIDA AOE2 · #495872989 ]
UnrankedPolacos vs Poles
Equipo del jugador · VICT
Equipo rival · DERR
[ ANÁLISIS DE REPETICIÓN · EXTRAÍDO DE LA PARTIDA GRABADA ]
Feudal
10:32
Castillos
19:56
Imperial
—
| APM promedio | 31.5 |
| APM pico | 97 |
| eAPM promedio | 14.0 |
| Aldeanos / militares | 75 / 103 |
Foco
⚔️ 26.6% · 🌾 73.4%
Knight ×89 · Battering Ram ×9 · Spearman ×5
Feudal
10:23
Castillos
21:24
Imperial
—
| APM promedio | 35.8 |
| APM pico | 82 |
| eAPM promedio | 19.7 |
| Aldeanos / militares | 91 / 53 |
Foco
⚔️ 36.9% · 🌾 63.1%
Spearman ×36 · Obuch ×12 · Scout Cavalry ×5
Mapa de la partida
Recursos iniciales + cada clic de construcción. Líneas = muros · curvas = relieve. ◆ oro · ⬟ piedra · ● bayas · ✦ reliquia · ◌ hueco del cierre
Tu base· ✓ Cerrada en 19:56 · 77t muro · sin puerta
Base de ACI Lic. Sandra Cuevas· ✓ Cerrada en 21:24 · 39t muro · 1 puerta(s)
Terreno inicial suavizado · ◌ = hueco del cierre detectado · pasá el cursor para detalles
Inputs por minuto
— tseungsiupang - - ACI Lic. Sandra Cuevas
Build order — tseungsiupang
Primeras 150 de 226 acciones detectadas
| 0:01 | Encolar | Villager (Male) |
| 0:02 | Encolar | Villager (Male) |
| 0:04 | Construir | House |
| 0:04 | Construir | House |
| 0:14 | Encolar | Villager (Male) |
| 0:14 | Encolar | Villager (Male) |
| 0:14 | Encolar | Villager (Male) |
| 1:41 | Encolar | Villager (Male) |
| 1:56 | Encolar | Villager (Male) |
| 1:56 | Encolar | Villager (Male) |
| 2:17 | Encolar | Villager (Male) |
| 2:45 | Encolar | Villager (Male) |
| 2:57 | Construir | Lumber Camp |
| 3:20 | Encolar | Villager (Male) |
| 3:20 | Encolar | Villager (Male) |
| 3:48 | Encolar | Villager (Male) |
| 3:48 | Encolar | Villager (Male) |
| 3:48 | Encolar | Villager (Male) |
| 3:55 | Construir | House |
| 4:21 | Construir | Palisade Wall |
| 4:53 | Encolar | Villager (Male) |
| 4:53 | Encolar | Villager (Male) |
| 5:40 | Construir | Mill |
| 5:52 | Encolar | Villager (Male) |
| 5:52 | Encolar | Villager (Male) |
| 5:53 | Encolar | Villager (Male) |
| 6:32 | Encolar | Villager (Male) |
| 6:42 | Investigar | Loom |
| 6:58 | Encolar | Villager (Male) |
| 6:58 | Encolar | Villager (Male) |
| 7:03 | Construir | Palisade Wall |
| 7:41 | Construir | Palisade Wall |
| 7:49 | Encolar | Villager (Male) |
| 7:59 | Construir | House |
| 8:15 | Investigar | Feudal Age |
| 8:39 | Construir | Palisade Wall |
| 8:44 | Construir | Palisade Wall |
| 10:24 | Construir | Barracks |
| 10:32 | Edad | Edad Feudal |
| 10:33 | Construir | Palisade Wall |
| 10:36 | Encolar | Villager (Male) |
| 10:36 | Encolar | Villager (Male) |
| 10:37 | Encolar | Villager (Male) |
| 10:37 | Encolar | Villager (Male) |
| 10:44 | Investigar | Horse Collar |
| 10:47 | Investigar | Double-Bit Axe |
| 11:14 | Construir | House |
| 11:20 | Construir | Stable |
| 11:39 | Encolar | Villager (Male) |
| 11:39 | Encolar | Villager (Male) |
| 11:39 | Encolar | Villager (Male) |
| 11:39 | Encolar | Villager (Male) |
| 11:40 | Encolar | Villager (Male) |
| 11:40 | Encolar | Villager (Male) |
| 11:40 | Encolar | Villager (Male) |
| 12:06 | Construir | Farm |
| 12:07 | Construir | Farm |
| 12:11 | Construir | Farm |
| 12:12 | Construir | Farm |
| 12:13 | Construir | Farm |
| 12:44 | Construir | Farm |
| 12:57 | Construir | Mining Camp |
| 13:32 | Construir | Farm |
| 13:44 | Construir | Mill |
| 13:49 | Construir | Farm |
| 13:50 | Construir | Farm |
| 13:51 | Construir | Farm |
| 14:11 | Encolar | Villager (Male) |
| 14:11 | Encolar | Villager (Male) |
| 14:55 | Construir | House |
| 14:57 | Encolar | Spearman |
| 14:57 | Encolar | Spearman |
| 15:04 | Construir | Mining Camp |
| 15:10 | Construir | Palisade Wall |
| 15:17 | Construir | House |
| 15:19 | Encolar | Villager (Male) |
| 15:22 | Construir | Farm |
| 15:42 | Construir | Farm |
| 15:57 | Construir | House |
| 16:00 | Construir | House |
| 16:17 | Encolar | Villager (Male) |
| 16:23 | Encolar | Villager (Male) |
| 16:30 | Construir | Market |
| 16:45 | Encolar | Villager (Male) |
| 17:12 | Encolar | Spearman |
| 17:13 | Encolar | Spearman |
| 17:13 | Encolar | Spearman |
| 17:16 | Investigar | Castle Age |
| 17:25 | Construir | Blacksmith |
| 17:39 | Construir | House |
| 17:40 | Construir | House |
| 17:42 | Construir | House |
| 17:57 | Construir | Stable |
| 18:01 | Construir | House |
| 18:11 | Construir | Farm |
| 18:12 | Construir | Farm |
| 18:38 | Construir | Farm |
| 18:44 | Construir | House |
| 18:48 | Construir | Palisade Wall |
| 19:35 | Encolar | Villager (Male) |
| 19:35 | Encolar | Villager (Male) |
| 19:36 | Encolar | Villager (Male) |
| 19:36 | Encolar | Villager (Male) |
| 19:36 | Encolar | Villager (Male) |
| 19:36 | Encolar | Villager (Male) |
| 19:37 | Encolar | Villager (Male) |
| 19:56 | Edad | Edad de los Castillos |
| 20:07 | Construir | Lumber Camp |
| 20:47 | Investigar | Heavy Plow |
| 20:50 | Investigar | Bow Saw |
| 21:01 | Construir | Palisade Wall |
| 21:34 | Construir | Castle |
| 22:04 | Investigar | Bloodlines |
| 22:05 | Investigar | Husbandry |
| 22:12 | Construir | Stable |
| 22:12 | Construir | Stable |
| 22:48 | Construir | Mill |
| 22:54 | Investigar | Szlachta Privileges |
| 22:59 | Encolar | Villager (Male) |
| 22:59 | Encolar | Villager (Male) |
| 22:59 | Encolar | Villager (Male) |
| 22:59 | Encolar | Villager (Male) |
| 23:00 | Encolar | Villager (Male) |
| 23:00 | Encolar | Villager (Male) |
| 23:26 | Construir | Farm |
| 23:27 | Construir | Farm |
| 23:28 | Construir | Farm |
| 23:32 | Construir | Farm |
| 23:38 | Construir | Farm |
| 23:46 | Encolar | Knight ×4 |
| 23:59 | Construir | Farm |
| 24:19 | Construir | Mill |
| 24:30 | Encolar | Knight |
| 24:30 | Encolar | Knight |
| 24:30 | Encolar | Knight |
| 24:34 | Investigar | Forging |
| 24:35 | Investigar | Scale Barding Armor |
| 24:56 | Encolar | Knight ×3 |
| 24:56 | Encolar | Knight ×3 |
| 25:01 | Construir | Stable |
| 25:19 | Construir | Farm |
| 25:20 | Construir | Farm |
| 25:20 | Construir | Farm |
| 25:20 | Construir | Farm |
| 25:20 | Construir | Farm |
| 25:21 | Construir | Farm |
| 25:29 | Construir | Farm |
| 25:38 | Encolar | Knight ×5 |
| 25:38 | Encolar | Knight ×2 |
| 26:00 | Encolar | Knight |
Build order — ACI Lic. Sandra Cuevas
Primeras 150 de 256 acciones detectadas
| 0:02 | Encolar | Villager (Male) |
| 0:04 | Construir | House |
| 0:05 | Construir | House |
| 0:10 | Encolar | Villager (Male) |
| 0:10 | Encolar | Villager (Male) |
| 0:11 | Encolar | Villager (Male) |
| 1:33 | Encolar | Villager (Male) |
| 1:33 | Encolar | Villager (Male) |
| 2:10 | Encolar | Villager (Male) |
| 2:10 | Encolar | Villager (Male) |
| 2:22 | Construir | Lumber Camp |
| 2:24 | Encolar | Villager (Male) |
| 2:24 | Encolar | Villager (Male) |
| 2:47 | Encolar | Villager (Male) |
| 2:47 | Encolar | Villager (Male) |
| 3:09 | Encolar | Villager (Male) |
| 3:09 | Encolar | Villager (Male) |
| 3:46 | Construir | House |
| 3:47 | Construir | House |
| 3:51 | Encolar | Villager (Male) |
| 3:51 | Encolar | Villager (Male) |
| 3:51 | Encolar | Villager (Male) |
| 4:42 | Encolar | Villager (Male) |
| 4:42 | Encolar | Villager (Male) |
| 4:43 | Encolar | Villager (Male) |
| 5:32 | Construir | Mill |
| 5:40 | Encolar | Villager (Male) |
| 5:40 | Encolar | Villager (Male) |
| 5:44 | Encolar | Villager (Male) |
| 5:44 | Encolar | Villager (Male) |
| 5:44 | Encolar | Villager (Male) |
| 6:22 | Encolar | Villager (Male) |
| 6:22 | Encolar | Villager (Male) |
| 6:22 | Encolar | Villager (Male) |
| 6:23 | Encolar | Villager (Male) |
| 6:51 | Construir | House |
| 7:17 | Encolar | Villager (Male) |
| 7:48 | Encolar | Villager (Male) |
| 8:06 | Investigar | Feudal Age |
| 8:39 | Construir | Palisade Gate |
| 9:07 | Construir | Barracks |
| 9:11 | Investigar | Loom |
| 9:11 | Encolar | Villager (Male) |
| 10:00 | Construir | Palisade Wall |
| 10:02 | Construir | Palisade Wall |
| 10:03 | Construir | Palisade Wall |
| 10:23 | Edad | Edad Feudal |
| 10:25 | Construir | Stable |
| 10:28 | Investigar | Horse Collar |
| 10:29 | Investigar | Double-Bit Axe |
| 10:36 | Encolar | Villager (Male) |
| 10:52 | Construir | Farm |
| 10:55 | Construir | Farm |
| 10:56 | Encolar | Villager (Male) |
| 11:00 | Encolar | Scout Cavalry |
| 11:00 | Encolar | Scout Cavalry |
| 11:06 | Construir | Farm |
| 11:24 | Construir | Palisade Wall |
| 11:31 | Construir | Palisade Wall |
| 11:33 | Encolar | Scout Cavalry |
| 11:39 | Construir | Farm |
| 11:42 | Construir | Farm |
| 11:44 | Encolar | Spearman |
| 11:45 | Encolar | Spearman |
| 11:52 | Construir | House |
| 11:54 | Encolar | Scout Cavalry |
| 12:13 | Encolar | Villager (Male) |
| 12:14 | Encolar | Villager (Male) |
| 12:17 | Construir | House |
| 12:19 | Construir | House |
| 12:21 | Construir | House |
| 12:22 | Construir | House |
| 12:27 | Construir | Farm |
| 12:38 | Encolar | Villager (Male) |
| 12:46 | Construir | Palisade Wall |
| 12:51 | Encolar | Scout Cavalry |
| 12:53 | Encolar | Spearman |
| 13:10 | Construir | Farm |
| 13:29 | Construir | Mining Camp |
| 13:34 | Construir | Palisade Wall |
| 13:45 | Encolar | Villager (Male) |
| 13:51 | Construir | House |
| 14:06 | Encolar | Villager (Male) |
| 14:10 | Encolar | Spearman |
| 14:26 | Construir | Blacksmith |
| 14:35 | Construir | Mill |
| 14:50 | Encolar | Villager (Male) |
| 14:52 | Construir | Farm |
| 15:00 | Construir | House |
| 15:02 | Construir | House |
| 15:03 | Construir | House |
| 15:04 | Construir | House |
| 15:05 | Encolar | Villager (Male) |
| 15:05 | Encolar | Villager (Male) |
| 15:18 | Encolar | Villager (Male) |
| 15:29 | Construir | House |
| 16:00 | Construir | House |
| 16:04 | Construir | House |
| 16:12 | Construir | House |
| 16:14 | Encolar | Villager (Male) |
| 16:23 | Construir | Farm |
| 16:24 | Construir | Farm |
| 16:24 | Construir | Farm |
| 16:24 | Construir | Farm |
| 16:24 | Construir | Farm |
| 16:25 | Construir | Farm |
| 16:27 | Encolar | Villager (Male) |
| 16:54 | Encolar | Villager (Male) |
| 16:59 | Construir | House |
| 17:18 | Construir | Farm |
| 17:18 | Construir | Farm |
| 17:18 | Construir | Farm |
| 17:18 | Construir | Farm |
| 17:19 | Construir | Farm |
| 17:25 | Encolar | Villager (Male) |
| 17:32 | Construir | House |
| 18:14 | Construir | Market |
| 18:19 | Encolar | Villager (Male) |
| 18:44 | Investigar | Castle Age |
| 18:49 | Construir | House |
| 18:57 | Construir | Palisade Wall |
| 18:58 | Construir | Palisade Wall |
| 19:30 | Investigar | Forging |
| 19:34 | Investigar | Arson |
| 20:26 | Encolar | Villager (Male) |
| 20:28 | Construir | Farm |
| 20:31 | Construir | Farm |
| 20:44 | Construir | Palisade Wall |
| 20:46 | Investigar | Scale Mail Armor |
| 20:57 | Investigar | Stone Mining |
| 21:02 | Encolar | Villager (Male) |
| 21:24 | Edad | Edad de los Castillos |
| 21:26 | Construir | Town Center |
| 21:35 | Encolar | Villager (Male) |
| 22:01 | Construir | Castle |
| 22:24 | Investigar | Chain Mail Armor |
| 22:26 | Encolar | Villager (Male) |
| 22:26 | Encolar | Villager (Male) |
| 22:27 | Investigar | Wheelbarrow |
| 22:43 | Investigar | Heavy Plow |
| 22:48 | Encolar | Villager (Male) |
| 22:49 | Encolar | Villager (Male) |
| 23:04 | Construir | Mining Camp |
| 23:14 | Construir | House |
| 23:15 | Construir | House |
| 23:16 | Construir | House |
| 23:17 | Construir | House |
| 23:20 | Construir | Palisade Wall |
| 23:54 | Construir | Palisade Wall |
| 23:58 | Encolar | Obuch ×2 |
Cronología de la partida
| 4:21 | tseungsiupang · wall_segment Palisade Wall x12 |
| 7:03 | tseungsiupang · wall_segment Palisade Wall x9 |
| 7:41 | tseungsiupang · wall_segment Palisade Wall x20 |
| 8:39 | tseungsiupang · wall_segment Palisade Wall x11 |
| 8:44 | tseungsiupang · wall_segment Palisade Wall x11 |
| 9:07 | ACI Lic. Sandra Cuevas · first_building Barracks |
| 10:00 | ACI Lic. Sandra Cuevas · wall_segment Palisade Wall x1 |
| 10:02 | ACI Lic. Sandra Cuevas · wall_segment Palisade Wall x1 |
| 10:03 | ACI Lic. Sandra Cuevas · wall_segment Palisade Wall x1 |
| 10:23 | ACI Lic. Sandra Cuevas · age_up feudal |
| 10:24 | tseungsiupang · first_building Barracks |
| 10:25 | ACI Lic. Sandra Cuevas · first_building Stable |
| 10:32 | tseungsiupang · age_up feudal |
| 10:33 | tseungsiupang · wall_segment Palisade Wall x5 |
| 11:20 | tseungsiupang · first_building Stable |
| 11:24 | ACI Lic. Sandra Cuevas · wall_segment Palisade Wall x1 |
| 11:31 | ACI Lic. Sandra Cuevas · wall_segment Palisade Wall x4 |
| 12:46 | ACI Lic. Sandra Cuevas · wall_segment Palisade Wall x8 |
| 13:34 | ACI Lic. Sandra Cuevas · wall_segment Palisade Wall x8 |
| 15:10 | tseungsiupang · wall_segment Palisade Wall x9 |
| 18:48 | tseungsiupang · wall_segment Palisade Wall x1 |
| 18:57 | ACI Lic. Sandra Cuevas · wall_segment Palisade Wall x5 |
| 18:58 | ACI Lic. Sandra Cuevas · wall_segment Palisade Wall x4 |
| 19:56 | tseungsiupang · age_up castle |
| 20:29 | tseungsiupang · first_market_buy 100 stone |
| 20:44 | ACI Lic. Sandra Cuevas · wall_segment Palisade Wall x7 |
| 21:01 | tseungsiupang · wall_segment Palisade Wall x1 |
| 21:24 | ACI Lic. Sandra Cuevas · age_up castle |
| 21:34 | tseungsiupang · first_building Castle |
| 22:01 | ACI Lic. Sandra Cuevas · first_building Castle |
| 23:20 | ACI Lic. Sandra Cuevas · wall_segment Palisade Wall x2 |
| 23:54 | ACI Lic. Sandra Cuevas · wall_segment Palisade Wall x5 |
| 27:17 | ACI Lic. Sandra Cuevas · wall_segment Palisade Wall x1 |
| 28:12 | tseungsiupang · first_market_sell 100 wood |
| 28:53 | ACI Lic. Sandra Cuevas · wall_segment Stone Wall x6 |
| 28:56 | ACI Lic. Sandra Cuevas · wall_segment Stone Wall x8 |
| 29:36 | tseungsiupang · first_building Siege Workshop |
| 29:37 | ACI Lic. Sandra Cuevas · wall_segment Stone Wall x3 |
| 30:51 | ACI Lic. Sandra Cuevas · wall_segment Stone Wall x3 |
| 30:56 | ACI Lic. Sandra Cuevas · wall_segment Stone Wall x4 |
| 30:58 | ACI Lic. Sandra Cuevas · wall_segment Stone Wall x2 |
| 33:11 | ACI Lic. Sandra Cuevas · wall_segment Palisade Wall x1 |
| 33:19 | ACI Lic. Sandra Cuevas · wall_segment Palisade Wall x1 |
| 33:21 | ACI Lic. Sandra Cuevas · wall_segment Stone Wall x1 |
| 33:21 | ACI Lic. Sandra Cuevas · wall_segment Stone Wall x1 |
| 33:45 | ACI Lic. Sandra Cuevas · wall_segment Stone Wall x1 |
| 33:46 | ACI Lic. Sandra Cuevas · wall_segment Stone Wall x1 |
| 34:18 | ACI Lic. Sandra Cuevas · resign |
[ ANÁLISIS IA · 1 CRÉDITO ]
¿Qué pasó realmente en esta partida?
Wolo.gg analiza cada decisión: build order, eco, micro, errores típicos por bracket. Análisis personalizado por WhatsApp o Discord en 30 segundos.
Guía civ
Polacos
Perfil
Jugador #2861202